 Dungeon Crawl Stone Soup version 0.29.0-15-g675c0067aa (webtiles) character file.

Game seed: 14414297366897735722

204 qw the Chopper (level 5, -1/45 HPs)
             Began as a Minotaur Berserker on Sept 12, 2022.
             Was a Believer of Trog.
             Slain by an orc wizard
             ... wielding a +0 dagger
              (2 damage)
             ... on level 4 of the Dungeon.
             The game lasted 00:00:59 (2854 turns).

qw the Chopper (Minotaur Berserker)                 Turns: 2854, Time: 00:01:00

Health: -1/45      AC:  6    Str: 23    XL:     5   Next: 52%
Magic:  4/4        EV:  8    Int:  4    God:    Trog [**....]
Gold:   99         SH:  0    Dex: 10    Spells: 4/4 levels left

rFire   . . .      SeeInvis .   Y - +0 war axe
rCold   . . .      Faith    .   e - +0 kite shield
rNeg    . . .      Spirit   .   h - +0 scale mail
rPois   .          Reflect  .   (helmet restricted)
rElec   .          Harm     .   (no cloak)
rCorr   .          Rampage  .   (no gloves)
Will    .....                   (no boots)
Stlth   ..........              (no amulet)
HPRegen 0.15/turn               (no ring)
MPRegen 0.09/turn               (no ring)

@: confused, on berserk cooldown, slowed, very slow
A: horns 2, retaliatory headbutt
a: Renounce Religion, Berserk, Trog's Hand


You were on level 4 of the Dungeon.
You worshipped Trog.
Trog was pleased with you.
You visited 1 branch of the dungeon, and saw 4 of its levels.

You collected 99 gold pieces.


Innate Abilities, Weirdness & Mutations

You have a pair of horns on your head.
You reflexively headbutt those who attack you in melee.


   Skills:
 - Level 3.6 Fighting
 - Level 6.6 Axes
 - Level 2.4 Armour
 - Level 2.1 Dodging
 + Level 3.4 Shields


You had 4 spell levels left.
You didn't know any spells.
Your spell library was empty.

Inventory:

Hand Weapons
 k - a +0 flail
 Y - a +0 war axe (weapon)
Armour
 e - a +0 kite shield (worn)
 h - a +0 scale mail (worn)
Scrolls
 f - a scroll of identify
Potions
 b - a potion of curing {unknown}
 c - a potion of cancellation
 d - a potion of heal wounds
 g - a potion of lignification {unknown}
 j - a potion of mutation {unknown}

Dungeon Overview and Level Annotations

Branches:
Dungeon (4/15)
 Temple: D:4-7

Altars:
Hepliaklqana
Makhleb


Message History

The magic dart hits you. Something hits you but does no damage.
You miss something. You block something's attack.
You slash something!
You hear some strange, mumbled words.
A magic dart appears from out of thin air!
The magic dart hits you! Something hits you but does no damage.
You completely miss something. Your headbutt misses something.
Something hits you but does no damage.
You hear some strange, mumbled words.
You are confused.
You're too confused to attack without stumbling around!
There is a strange disturbance nearby!
Something hits you but does no damage. x2
You're too confused to attack without stumbling around!
There is a strange disturbance nearby!
Something hits you but does no damage.
You're too confused to attack without stumbling around!
There is a strange disturbance nearby!
Something hits you. x2
You're too confused to attack without stumbling around!
There is a strange disturbance nearby!
You feel less confused. You block something's attack.
You barely miss something. Something hits you.
You hear some strange, mumbled words.
A magic dart appears from out of thin air!
The magic dart hits you.
You barely miss something. Something hits you but does no damage.
You hear some strange, mumbled words.
You are confused.
You're too confused to attack without stumbling around!
There is a strange disturbance nearby!
Something hits you. Something hits you but does no damage.
You're too confused to attack without stumbling around!
There is a strange disturbance nearby!
Something hits you.
You die...

.. ..# .#.# ##
..## #....##..
... ......... ..#
......#.# ..##
....[...# ...
.......)##{##.#
.........@)...##
.................
#.###.%.##..#.###
#. #....##.>#.#
#...#..........
...###.####....
.. .#..# ##.##
#.#.# .# #.#.## #


There were no monsters in sight!

Vanquished Creatures
  An orc priest (D:4)
  An orc wizard (D:4)
  5 gnolls
  4 adders
  A dart slug (D:1)
  2 orcs (D:4)
  4 ball pythons
  5 bats
  5 endoplasms
  6 giant cockroaches
  5 hobgoblins
  3 kobolds
  4 quokkas (D:1)
  4 frilled lizards
  8 goblins
  9 rats
67 creatures vanquished.

Notes
Turn   | Place    | Note
-------+----------+-------------------------------------------
     0 | D:1      | qw the Minotaur Berserker began the quest for the Orb.
     0 | D:1      | Reached XP level 1. HP: 19/19 MP: 0/0
     0 | D:1      | 0 ||| qw: Version: 0.1-a-119-g272c26d
     0 | D:1      | 0 ||| qw: Game counter: 10821
     0 | D:1      | 0 ||| qw: Always use a shield: true
     0 | D:1      | 0 ||| qw: Do Orc after D:15 true
     0 | D:1      | 0 ||| qw: Do second Lair branch before Depths: true
     0 | D:1      | 0 ||| qw: Lair rune preference: random
     0 | D:1      | 0 ||| qw: Plans: Normal
     0 | D:1      | 0 ||| PLANNING D:1-11
   150 | D:1      | 150 ||| Stepping ~*~*~tactically~*~*~ (stealth).
   152 | D:1      | 152 ||| Stepping ~*~*~tactically~*~*~ (stealth).
   153 | D:1      | 153 ||| Stepping ~*~*~tactically~*~*~ (stealth).
   155 | D:1      | 155 ||| Stepping ~*~*~tactically~*~*~ (stealth).
   157 | D:1      | Reached skill level 4 in Axes
   158 | D:1      | 158 ||| Stepping ~*~*~tactically~*~*~ (stealth).
   304 | D:1      | Reached XP level 2. HP: 26/26 MP: 1/1
   642 | D:1      | 642 ||| INVOKING Berserk.
   646 | D:1      | Reached skill level 5 in Axes
   646 | D:1      | Reached XP level 3. HP: 31/31 MP: 2/2
   858 | D:1      | 858 ||| UPGRADING to +0 ring mail.
   868 | D:1      | 868 ||| DROPPING +0 animal skin.
   869 | D:1      | 869 ||| UPGRADING to +0 scale mail.
   879 | D:1      | 879 ||| DROPPING +0 ring mail.
   880 | D:1      | 880 ||| DROPPING orb of mayhem.
   881 | D:1      | 881 ||| READING scroll labelled WIRUOVVUA.
   882 | D:1      | 882 ||| DRINKING 2 viscous cyan potions.
   883 | D:1      | 883 ||| DROPPING potion of degeneration.
   925 | D:2      | Reached ** piety under Trog
   934 | D:2      | 934 ||| FLEEEEING.
   935 | D:2      | 935 ||| FLEEEEING.
   936 | D:2      | 936 ||| STAIRDANCE
   975 | D:2      | 975 ||| Stepping ~*~*~tactically~*~*~ (hiding).
   976 | D:2      | 976 ||| Stepping ~*~*~tactically~*~*~ (hiding).
  1104 | D:2      | Found a hazy altar of Hepliaklqana.
  1151 | D:2      | 1151 ||| SWAPPING to +0 war axe.
  1157 | D:2      | 1157 ||| DROPPING +0 hand axe.
  1272 | D:2      | 1272 ||| Stepping ~*~*~tactically~*~*~ (stealth).
  1383 | D:2      | 1383 ||| INVOKING Berserk.
  1385 | D:2      | Reached skill level 6 in Axes
  1385 | D:2      | Reached XP level 4. HP: 39/39 MP: 3/3
  1476 | D:2      | 1476 ||| INVOKING Berserk.
  1613 | D:2      | 1613 ||| DROPPING +0 club.
  1621 | D:2      | 1621 ||| DROPPING +0 whip.
  1759 | D:2      | 1759 ||| Stepping ~*~*~tactically~*~*~ (stealth).
  1959 | D:2      | 1959 ||| UPGRADING to +0 kite shield.
  1964 | D:2      | 1964 ||| READING 4 scrolls labelled ORIELOHUERR.
  1965 | D:2      | 1965 ||| READING scroll labelled NAXYEMOGAA.
  1966 | D:2      | 1966 ||| READING 3 scrolls of identify.
  1966 | D:2      | 1966 ||| IDENTIFYING puce potion
  1967 | D:2      | 1967 ||| READING 2 scrolls of identify.
  1967 | D:2      | 1967 ||| IDENTIFYING bubbling ruby potion
  2011 | D:3      | 2011 ||| Stepping ~*~*~tactically~*~*~ (hiding).
  2013 | D:3      | 2013 ||| Stepping ~*~*~tactically~*~*~ (hiding).
  2101 | D:3      | 2101 ||| Stepping ~*~*~tactically~*~*~ (stealth).
  2177 | D:3      | Reached skill level 1 in Shields
  2273 | D:3      | Found a burning altar of Makhleb.
  2347 | D:3      | Reached XP level 5. HP: 45/45 MP: 4/4
  2403 | D:3      | 2403 ||| Stepping ~*~*~tactically~*~*~ (stealth).
  2774 | D:3      | 2774 ||| DROPPING scarf of invisibility.
  2822 | D:4      | 2822 ||| Stepping ~*~*~tactically~*~*~ (hiding).
  2823 | D:4      | 2823 ||| Stepping ~*~*~tactically~*~*~ (hiding).
  2825 | D:4      | 2825 ||| INVOKING Berserk.
  2831 | D:4      | Reached skill level 3 in Shields
  2845 | D:4      | HP: 11/45 [something/magic dart (8)]
  2851 | D:4      | HP: 7/45 [something (1)]
  2851 | D:4      | HP: 1/45 [something/magic dart (6)]
  2854 | D:4      | Slain by an orc wizard

Levels and vault maps discovered:
D:1:      dpeg_arrival_rooms_c, layout_basic
D:2:      mumra_celtic_spiral_tile, layout_rooms, basic_altar
D:3:      layout_basic, overflow_temple_1_default, minmay_distorted
D:4:      minmay_chambers_of_twos, layout_loops_ring, minmay_curled_crystal,
          minmay_bent

Skill      XL: |  1  2  3  4  5 |
---------------+----------------+-----
Axes           | 4 5 6 |  6.6
Shields        | 1 3 |  3.4
Fighting       | |  3.6
Armour         | |  2.4
Dodging        | |  2.1

Action                   |  1- 3 |  4- 6 || total
-------------------------+-------+-------++-------
Melee: Hand axe          |    72 |       ||    72
       Headbutt          |     9 |     8 ||    17
       War axe           |    16 |    66 ||    82
       Punch             |     1 |       ||     1
Invok: Berserk           |     2 |     2 ||     4
  Use: Scroll            |     1 |     4 ||     5
       Potion            |     1 |       ||     1
Armor: Animal skin       |     3 |       ||     3
       Scale mail        |    16 |    26 ||    42
Dodge: Dodged            |    37 |    25 ||    62
Block: Kite shield       |       |     8 ||     8

Table legend:
 A = Non-vault XP
 B = Vault XP
 C = Vault XP percentage of total XP
 D = Non-vault monster count
 E = Vault monster count
 F = Vault count percentage of total count
                 A         B        C        D         E       F
            +---------+---------+-------+---------+---------+-------
      Total |     277 |      15 |   5.1 |      65 |       2 |   3.0
            +---------+---------+-------+---------+---------+-------
        D:1 |      53 |       0 |   0.0 |      23 |       0 |   0.0
        D:2 |     108 |       0 |   0.0 |      24 |       0 |   0.0
        D:3 |      31 |      15 |  32.6 |      12 |       2 |  14.3
        D:4 |      85 |       0 |   0.0 |       6 |       0 |   0.0
            +---------+---------+-------+---------+---------+-------
